AoeStats
← Buhr

MegaRandom

510825644Analyzed
4v4 RM · 9h ago on Oct 2, 2026· 16m 48s· 8 players
Game mode
Random Map
Map size
Large (8 player)
Population
200
Speed
Normal
Resources
Standard
Victory
Conquest
Starting age
Dark Age
Ending age
Imperial Age
RankedLock teamsTeams togetherTeam positionsShared explorationLock speedFull tech treeHidden civsTurbo modeCheats
Victory
Defeat
🇷🇺 Wu · Russia
1638
+9
🇮🇳 Khmer · India
1633
+10
🇬🇧 Malians · United Kingdom
1505
+15
🇬🇧 Bohemians · United Kingdom
1345
+20
🇹🇼 Italians · Taiwan
1531
-16
🇺🇸 Byzantines · United States
1467
-13
🇬🇧 Sicilians · United Kingdom
1460
-13
🇲🇽 Chinese · Mexico
1447
-12
Buhr
10:07 Loom
12:09 Feudal Age
13:03 Horse Collar
13:12 Double-Bit Axe
15:58 Man-at-Arms
Frankie Fast Hands
8:08 Loom
虞小梅
4:04 Loom
15:08 Feudal Age
15:49 Double-Bit Axe
kazumakine
3:31 Loom
13:52 Feudal Age
14:27 Double-Bit Axe
MythicKilobyte
5:22 Loom
16:12 Feudal Age
16:13 Man-at-Arms
Mr.Haloka
3:56 Loom
13:54 Feudal Age
12:39 Loom
Iguanarama
10:27 Loom
10:46 Loom
13:23 Feudal Age
13:53 Double-Bit Axe
13:49 Horse Collar
TheSleepyBishop
11:07 Feudal Age
11:31 Loom
16:28 Castle Age
14:49 Horse Collar
Connection lost

Rejoining the realm…

Still unreachable

The connection could not be restored.

Session expired

The server has moved on; the page needs a fresh start.